 Dungeon Crawl Stone Soup version 0.31-b1-22-gc680215f68 (webtiles) character file.

Game seed: 7845487570738370080

72 Kallu the Digger (level 3, 0/26 HPs)
             Began as a Demigod Earth Elementalist on Jan 18, 2024.
             Slain by an orc wizard
             ... wielding a +0 dagger
              (3 damage)
             ... on level 3 of the Dungeon.
             The game lasted 00:02:35 (1068 turns).

Kallu the Digger (Demigod Earth Elementalist)       Turns: 1068, Time: 00:02:36

Health: 0/26       AC:  3    Str:  9    XL:     3   Next: 80%
Magic:  0/10       EV: 12    Int: 21    God:
Gold:   90         SH:  0    Dex: 14    Spells: 4/8 levels left

rFire   . . .        d - +0 trident
rCold   . . .        (no shield)
rNeg    . . .        m - +1 robe {Will+}
rPois   .            (no helmet)
rElec   .            (no cloak)
rCorr   .            (no gloves)
SInv    .            (no boots)
Will    +....        (no amulet)
Stlth   ++           (no ring)
HPRegen 0.24/turn    (no ring)
MPRegen 0.12/turn

%: no passive effects
@: no status effects
A: high MP 1, forlorn, divine attributes
a: no special abilities


You were on level 3 of the Dungeon.
You visited 1 branch of the dungeon, and saw 3 of its levels.

You collected 90 gold pieces.

Inventory:

Hand Weapons
 d - a +0 trident (weapon)
Missiles
 c - 6 poisoned darts
 f - 3 javelins
 j - 4 atropa-tipped darts
Armour
 m - a +1 robe of willpower (worn)
Magical Staves
 g - a staff of fire
Scrolls
 e - 2 scrolls of poison {unknown}
 i - 3 scrolls of fear {unknown}
Potions
 b - a potion of magic
 h - a potion of attraction {unknown}
 k - a potion of lignification {unknown}
 l - 2 potions of brilliance {unknown}


   Skills:
 - Level 1.7 Dodging
 - Level 1.7 Stealth
 - Level 3.0 Spellcasting
 - Level 2.0 Conjurations
 + Level 3.1 Earth Magic


You had 4 spell levels left.
You knew the following spells:

 Your Spells              Type           Power      Damage    Failure   Level
a - Sandblast             Erth           32%        2d9       3%          1
b - Stone Arrow           Conj/Erth      26%        3d8       14%         3

Your spell library contained the following spells:

 Spells                   Type           Power      Damage    Failure   Level
 Passwall                 Erth           16%        N/A       11%         3
 Ensorcelled Hibernation  Hex/Ice        6%         N/A       21%         2
 Lesser Beckoning         Tloc           6%         N/A       21%         2
 Gell's Gravitas          Tloc           3%         N/A       36%         3
 Swiftness                Air            3%         N/A       36%         3
 Teleport Other           Tloc           3%         N/A       36%         3
 Brom's Barrelling Bould  Conj/Erth      13%        2d4       43%         4
 Petrify                  Alch/Erth      9%         N/A       56%         4


Dungeon Overview and Level Annotations

Branches:
Dungeon (2/15)


Innate Abilities, Weirdness & Mutations

You have an increased reservoir of magic. (+10% MP)
You shall have no god before yourself.
Your divine heritage dramatically boosts your attributes as you level up.


Message History

The blast of sand hits the orc wizard!
You kill the orc wizard!
Training target 3.0 for Spellcasting reached!
Your Spellcasting skill increases to level 3!
You need to enable at least one skill for training.
Your Earth Magic skill increases to level 3!
Aiming: Sandblast (safe; 3% risk of failure)
Press: ? - help, Q - select action, (/) - cycle Shift-Dir - straight line, f - you That would be overly suicidal.
Okay, then.
Unknown command.
Aiming: Sandblast (safe; 3% risk of failure)
Press: ? - help, Q - select action, (/) - cycle Shift-Dir - straight line The blast of sand hits something but does no damage.
Something hits you. x2
Unknown command.
Aiming: Sandblast (safe; 3% risk of failure)
Press: ? - help, Q - select action, (/) - cycle Shift-Dir - straight line Something hits you.
Unknown command.
You don't have enough magic to cast this spell.
Unknown command.
Unknown command.
You closely miss something. Something hits you.
You closely miss something. Something hits you. x2
You closely miss something.
You hear some strange, mumbled words.
A magic dart appears from out of thin air!
The magic dart hits you.
* * * LOW HITPOINT WARNING * * *
Aiming: Sandblast (safe; 3% risk of failure)
Press: ? - help, Q - select action, (/) - cycle Shift-Dir - straight line The blast of sand hits something.
Something hits you.
* * * LOW HITPOINT WARNING * * *
Unknown command.
You miss something. Something hits you.
* * * LOW HITPOINT WARNING * * *
Something hits you.
You die...

##.###[###[#
#.....# #.#
#####.#####.#
#...........#
#.###.#######
#.# #?# #.#
#@# #{# #.#
).# ###


There were no monsters in sight!

Vanquished Creatures
  An orc wizard (D:3)
  An adder (D:2)
  2 dart slugs (D:1)
  A ribbon worm (D:2)
  3 orcs (D:3)
  A ball python (D:1)
  An endoplasm (D:1)
  A giant cockroach (D:2)
  A goblin (D:1)
  4 hobgoblins
  5 kobolds
  A quokka (D:1)
  3 bats (D:1)
  6 rats
31 creatures vanquished.

Notes
Turn   | Place    | Note
-------+----------+-------------------------------------------
     0 | D:1      | Kallu the Demigod Earth Elementalist began the quest for
                  | the Orb.
     0 | D:1      | Reached XP level 1. HP: 14/14 MP: 5/5
    19 | D:1      | Reached skill level 1 in Conjurations
   231 | D:1      | Reached XP level 2. HP: 19/20 MP: 4/7
   795 | D:2      | Reached XP level 3. HP: 26/26 MP: 2/9
   800 | D:2      | Learned a level 3 spell: Stone Arrow
   979 | D:2      | You fall into a shaft and drop 1 floor!
  1068 | D:3      | Slain by an orc wizard

Illustrated notes

Levels and vault maps discovered:
D:1:      minmay_arrival_up_and_down, layout_rooms
D:2:      layout_rooms, serial_shops, nicolae_shop_dealshenge,
          grunt_ministairs_1
D:3:      layout_loops_ring, old_standard_altar, minitemple

Skill      XL: |  1  2  3 |
---------------+----------+-----
Conjurations   | 2 |  2.0
Spellcasting   | 2 3 |  3.0
Earth Magic    | 3 |  3.1
Dodging        | |  1.7
Stealth        | |  1.7

Action                     || total
---------------------------++-------
  Melee: Unarmed           ||     7
         Trident           ||     5
  Throw: Dart              ||     3
   Cast: Sandblast         ||    53
 Armour: Robe              ||    32
  Dodge: Dodged            ||    25
